 Dungeon Crawl Stone Soup version 0.27.0-66-gdc8fb28755 (webtiles) character file.

Game seed: 5556985859859924055

4978 Malachi the Poker (level 10, -9/69 (81) HPs)
             Began as a Palentonga Fighter on Aug 19, 2021.
             Was a Believer of Uskayaw.
             Mangled by a boulder beetle (34 damage)
             ... on level 8 of the Dungeon on Aug 20, 2021.
             The game lasted 00:13:32 (10511 turns).

Malachi the Poker (Palentonga Fighter)             Turns: 10511, Time: 00:13:32

HP:   -9/69 (81)    AC: 22    Str: 22    XL:     10   Next: 29%
MP:   15/15         EV:  3    Int:  8    God:    Uskayaw [**....]
Gold: 382           SH: 10    Dex: 11    Spells: 9/9 levels left

rFire    + . .     SeeInvis +   o - +2 war axe (freeze)
rCold    + . .     Faith    .   c - +0 kite shield
rNeg     . . .     Spirit   .   v - +0 plate armour
rPois    .         Reflect  .   g - +0 helmet
rElec    .         Harm     .   (no cloak)
rCorr    .         Rampage  .   f - +0 pair of gloves
Will     .....                  (no barding)
Stlth    ..........             (no amulet)
HPRegen  0.21/turn              q - ring of protection from cold
MPRegen  0.14/turn              a - ring of protection from fire

@: hasted, heavily drained, curled up, very quick
A: large, rugged brown scales 3, see invisible, deformed body, roll 1, armoured
tail, reflexive curl, iridescent scales 1, high mp 1
a: Rolling Charge, Renounce Religion, Stomp, Line Pass


You were on level 8 of the Dungeon.
You worshipped Uskayaw.
Uskayaw was noncommittal.
You visited 2 branches of the dungeon, and saw 10 of its levels.
You also visited: Ossuary.

You collected 382 gold pieces.

Inventory:

Hand Weapons
 e - a +1 morningstar of freezing
 k - a +2 spear of venom
 o - a +2 war axe of freezing (weapon)
 u - a +0 trident of flaming
Missiles
 n - a throwing net
Armour
 c - a +0 kite shield (worn)
 f - a +0 pair of gloves (worn)
 g - a +0 helmet (worn)
 v - a +0 plate armour (worn)
Jewellery
 a - a ring of protection from fire (right hand)
 d - an amulet of reflection
 q - a ring of protection from cold (left hand)
Scrolls
 b - a scroll of fog
 j - a scroll of magic mapping
 s - 2 scrolls of amnesia
 t - 2 scrolls of teleportation
 y - a scroll of brand weapon
Potions
 h - a potion of invisibility
 i - a potion of lignification
 l - 3 potions of resistance
 m - 2 potions of brilliance
 p - a potion of magic
 r - a potion of attraction
 A - a potion of mutation


   Skills:
 + Level 5.9 Fighting
 + Level 5.3(7.5) Axes
 + Level 7.4(8.1) Polearms
 + Level 6.6 Armour
 + Level 5.3 Shields
 * Level 5.5 Invocations


You had 9 spell levels left.
You didn't know any spells.
Your spell library contained the following spells:

 Spells                   Type           Power      Damage    Failure   Level
 Animate Skeleton         Necr           0%         N/A       100%        1
 Apportation              Tloc           0%         N/A       100%        1
 Beastly Appendage        Tmut           0%         N/A       100%        1
 Corona                   Hex            0%         N/A       100%        1
 Foxfire                  Conj/Fire      0%         2x1d4     100%        1
 Summon Small Mammal      Summ           0%         N/A       100%        1
 Wereblood                Tmut           0%         N/A       100%        2
 Ignite Poison            Fire/Tmut/Pois 0%         N/A       100%        3
 Mephitic Cloud           Conj/Pois/Air  0%         N/A       100%        3
 Spider Form              Tmut/Pois      0%         N/A       100%        3
 Bolt of Magma            Conj/Fire/Erth 0%         4d4       100%        5


Dungeon Overview and Level Annotations

Branches:
Dungeon (9/15)             Temple (1/1) D:5         Ossuary (visited)
   Lair: D:8-11         Orc: D:9-12

Altars:
Ashenzari
Cheibriados
Dithmenos
Gozag
Hepliaklqana
Nemelex Xobeh
Okawaru
Qazlal
Ru
Sif Muna
Trog
Uskayaw
Vehumet
Wu Jian
Xom
Yredelemnul
Zin

Shops:
D:7 (   D:9 (

Annotations:
D:3 2 runed translucent doors, Lakmaran's ghost, amateur SpGl
D:8 1 transporter, RedPan's ghost, novice DsIE


Innate Abilities, Weirdness & Mutations

You are completely covered in rugged brown scales. (AC +3, +7% HP)
You have supernaturally acute eyesight. (SInv)
Armour fits poorly on your strangely shaped body.
You can roll at nearby foes to attack.
You have a long armoured tail.
You curl defensively after being hit.
You are partially covered in iridescent scales. (AC +2)
You have an increased reservoir of magic. (+10% MP)


Message History

You slash the boulder beetle! You freeze the boulder beetle.
The boulder beetle is lightly wounded.
The boulder beetle bites you!
You hit the boulder beetle but do no damage.
You tail-slap the boulder beetle, but do no damage.
The boulder beetle is lightly wounded.
The boulder beetle bites you!
The quasit gives a chilling moan.
You slash the boulder beetle! You freeze the boulder beetle.
You tail-slap the boulder beetle, but do no damage.
The boulder beetle is heavily wounded.
The boulder beetle bites you.
The boulder beetle bites you but does no damage.
You can now pass through a line of other dancers.
You completely miss the boulder beetle. You tail-slap the boulder beetle.
The boulder beetle is heavily wounded.
The boulder beetle barely misses you.
Unknown command.
You feel yourself speed up.
The boulder beetle bites you but does no damage.
You hit the boulder beetle but do no damage.
The boulder beetle is moderately wounded.
The boulder beetle leaps!
You hit the wight but do no damage. The wight barely misses you.
The quasit gives a chilling moan.
You hit the wight.
The wight is moderately damaged.
You block the wight's attack.
You closely miss the wight.
The wight is moderately damaged.
The boulder beetle curls into a ball and begins rolling!
The quasit gives a chilling moan.
You hit the wight.
The wight is moderately damaged.
The wight hits you with a +3 great sword.
You feel drained.
You hit the wight but do no damage.
The wight is moderately damaged.
You block the wight's attack. The boulder beetle hits you!!
You die...

#...#=#.###D§§..)§ ..
....#.##.§####...#. ...
#.#...#§..#......#. ....
.#.#...#§...DB....## ...#
...55..#...>......#
#..###5W5###.....$....#.
#...#####...##.........
####..z......##.........
##.....#@....####.......#
##......B......###.......#
#......○<.......##.......#
#.....°.........###.....#.
#....°..........# .....#..
#....>..........#....###..
#...............#..#. ..
#.......[............
##.............###<..


You could see a boulder beetle (rolling), a wight, 4 quasits and RedPan's ghost.

Vanquished Creatures
  Pikel (D:5)
  Grinder (D:6)
  5 yaks (D:5)
  A steam dragon (D:5)
  Edmund (D:5)
  2 water moccasins
  An ice beast (D:6)
  An orc warrior (D:5)
  3 sky beasts
  A necrophage (D:5)
  An ogre (D:5)
  2 centaurs (D:7)
  2 bullfrogs
  A kobold brigand (D:6)
  A wyvern zombie (D:6)
  2 scorpions
  5 water moccasin zombies (Ossuary)
  2 water moccasin skeletons (D:4)
  6 killer bees (D:7)
  14 wights
  A vampire bat (D:5)
  3 howler monkeys
  A centaur zombie (D:6)
  A gnoll shaman (D:6)
  A hound (D:5)
  2 centaur skeletons (D:6)
  2 orc wizards
  An iguana (D:4)
  A killer bee zombie (D:7)
  3 mummies
  Robin (D:2)
  7 adders
  5 gnolls
  A howler monkey skeleton (D:7)
  An ufetubus (D:6)
  5 adder zombies (Ossuary)
  An adder skeleton (D:4)
  3 fire bats (D:5)
  5 orcs
  2 spectral bats (D:5)
  3 bat skeletons (D:5)
  A bat zombie (D:5)
  12 endoplasms
  A giant cockroach (D:4)
  11 goblins
  14 hobgoblins
  12 jackals
  12 kobolds
  3 ball pythons (D:1)
  12 bats
  A bat simulacrum (D:5)
  2 frilled lizards (D:1)
  5 gnoll zombies (Ossuary)
  8 hobgoblin zombies (Ossuary)
  5 kobold zombies (Ossuary)
  2 orc zombies (Ossuary)
  8 rats
212 creatures vanquished.

Vanquished Creatures (others)
  A plant (D:9)
1 creature vanquished.

Grand Total: 213 creatures vanquished

Notes
Turn   | Place    | Note
-------+----------+-------------------------------------------
     0 | D:1      | Malachi the Palentonga Fighter began the quest for the Orb.
     0 | D:1      | Reached XP level 1. HP: 19/19 MP: 1/1
   450 | D:1      | Reached XP level 2. HP: 24/25 MP: 2/2
   990 | D:2      | Reached XP level 3. HP: 31/31 MP: 3/3
  1053 | D:2      | Noticed Robin
  1074 | D:2      | Killed Robin
  1594 | D:2      | Reached XP level 4. HP: 27/37 MP: 4/4
  1972 | D:3      | Found a large runed translucent door.
  1973 | D:3      | Found a large runed translucent door.
  1974 | D:3      | Noticed Lakmaran's ghost (amateur SpGl)
  2692 | D:3      | Found a broken altar of Ashenzari.
  2692 | D:3      | Found a glowing silver altar of Zin.
  3125 | D:4      | Found an iron altar of Okawaru.
  3131 | D:4      | Found a basalt altar of Yredelemnul.
  3212 | D:4      | Reached XP level 5. HP: 44/44 MP: 5/5
  3232 | D:4      | Reached skill level 1 in Polearms
  3398 | D:4      | Found an ornate altar of the Wu Jian Council.
  3866 | D:4      | Reached skill level 2 in Polearms
  4269 | D:5      | Entered Level 5 of the Dungeon
  4274 | D:5      | Noticed Edmund
  4282 | D:5      | Killed Edmund
  4283 | D:5      | Reached XP level 6. HP: 48/51 MP: 6/6
  4369 | D:5      | Noticed Pikel
  4373 | D:5      | Reached skill level 3 in Polearms
  4385 | D:5      | Killed Pikel
  4386 | D:5      | Reached skill level 4 in Polearms
  4386 | D:5      | Gained mutation: You curl defensively after being hit.
                  | [Palentonga growth]
  4386 | D:5      | Reached XP level 7. HP: 30/58 MP: 7/7
  4723 | D:5      | Found a staircase to the Ecumenical Temple.
  4741 | D:5      | Found a shimmering blue altar of Sif Muna.
  4753 | D:5      | Got Sif Muna's Incunabulum of Mutagenic Conjuration
  4768 | D:5      | Reached skill level 5 in Polearms
  4768 | D:5      | Reached XP level 8. HP: 16/65 MP: 8/8
  5029 | D:5      | Found a bloodstained altar of Trog.
  5056 | Temple   | Entered the Ecumenical Temple
  5415 | Temple   | Became a worshipper of Uskayaw the Reveller
  5432 | D:5      | Reached * piety under Uskayaw
  5433 | D:5      | Reached ** piety under Uskayaw
  5716 | D:5      | Reached skill level 5 in Armour
  5716 | D:5      | Reached skill level 1 in Invocations
  6225 | D:5      | Reached *** piety under Uskayaw
  6231 | D:5      | Reached skill level 5 in Fighting
  6231 | D:5      | Reached skill level 6 in Polearms
  6242 | D:5      | Reached XP level 9. HP: 16/72 MP: 4/11
  6841 | D:5      | Gained mutation: You have sharp fingernails. [potion of
                  | mutation]
  6841 | D:5      | Gained mutation: Your muscles are strong. (Str +2) [potion
                  | of mutation]
  6841 | D:5      | Gained mutation: You do not regenerate when monsters are
                  | visible. [potion of mutation]
  6841 | D:5      | Lost mutation: You do not regenerate when monsters are
                  | visible. [potion of mutation]
  6842 | D:5      | Lost mutation: You have sharp fingernails. [potion of
                  | mutation]
  6842 | D:5      | Lost mutation: Your muscles are strong. (Str +2) [potion of
                  | mutation]
  6842 | D:5      | Gained mutation: You have an increased reservoir of magic.
                  | (+10% MP) [potion of mutation]
  6842 | D:5      | Gained mutation: You are partially covered in iridescent
                  | scales. (AC +2) [potion of mutation]
  7423 | D:6      | Noticed Grinder
  7424 | D:6      | Paralysed by Grinder for 5 turns
  7441 | D:6      | Killed Grinder
  7442 | D:6      | Reached skill level 7 in Polearms
  8002 | D:7      | Reached skill level 5 in Shields
  8413 | D:7      | Found Ihariew's Weapon Shoppe.
  8425 | D:7      | Reached skill level 5 in Invocations
  8425 | D:7      | Reached XP level 10. HP: 23/81 MP: 13/15
  8693 | D:7      | Reached **** piety under Uskayaw
  9213 | D:8      | Noticed RedPan's ghost (novice DsIE)
  9220 | D:8      | Noticed a boulder beetle
  9227 | D:8      | Found a sand-covered staircase.
  9240 | Ossuary  | Entered an ossuary
  9470 | Ossuary  | Reached skill level 5 in Axes
  9543 | D:8      | Found a transporter.
  9559 | D:9      | Found Siwev's Hydra Hut.
  9559 | D:9      | Noticed a six-headed hydra
 10098 | D:9      | HP: 1/68 [wight (19)]
 10160 | D:9      | HP: 3/67 [wight (5)]
 10167 | D:9      | Found a radiant altar of Vehumet.
 10511 | D:8      | Mangled by a boulder beetle

Illustrated notes

Levels and vault maps discovered:
D:1:      minmay_arrival_plants_in_alcoves, layout_rooms,
          minmay_misc_feat_enclosed, minmay_surrounded
D:2:      layout_basic, uniq_robin
D:3:      layout_basic, amethyst_overflow_temple_binary,
          ebering_ghost_disaster_area
D:4:      minmay_inner_zag, layout_layer_cave, grunt_temple_overflow_open,
          mainiacjoe_overflow_alcove_2, minmay_misc_feat_square
D:5:      layout_loops_corners, nzn_overflow_gifts_of_might_and_magic,
          minmay_temple_entry_sparse_star, goddamned_bats, uniq_pikel,
          uniq_edmund
D:6:      layout_loops_ring, uniq_grinder
D:7:      layout_basic, serial_shops, nicolae_inconvenience_store
D:8:      minmay_distorted_concentric_squares, layout_rooms,
          amcnicky_altar_gilded, makhleb_altar_promises_db,
          gup_ossuary_entry_pyramid, gammafunk_ghost_stat_death
D:9:      layout_irregular_city, mainiacjoe_overflow_tiny_flanked,
          gammafunk_temple_overflow_elements, ebering_ghost_funeral_grove,
          kennysheep_decorative_pillar, doesnt_shop_hydraphobe
Temple:   compressed_dpeg_triangle_lava_temple

Skill      XL: |  1  2  3  4  5  6  7  8  9 10 |
---------------+-------------------------------+-----
Axes           | 3 4 5 |  5.3
Armour         | 3 4 5 6 |  6.6
Polearms       | 2 4 5 6 7 |  7.4
Shields        | 3 4 5 |  5.3
Fighting       | 4 5 |  5.9
Invocations    | 2 5 |  5.5

Action                   |  1- 3 |  4- 6 |  7- 9 | 10-12 || total
-------------------------+-------+-------+-------+-------++-------
Melee: War axe           |   110 |       |    43 |   159 ||   312
       Tailslap          |     8 |     8 |    41 |    29 ||    86
       Spear             |       |   132 |   138 |       ||   270
       Trident           |       |       |   119 |       ||   119
Invok: Stomp             |       |       |     9 |     1 ||    10
 Abil: Rolling Charge    |       |     1 |     2 |       ||     3
  Use: Scroll            |     1 |     3 |     6 |     8 ||    18
       Potion            |       |     2 |     3 |     4 ||     9
 Stab: Paralysed         |       |       |     7 |    10 ||    17
       Invisible         |       |       |       |     2 ||     2
Armor: Scale mail        |    76 |    51 |     4 |       ||   131
       Plate armour      |       |       |   174 |    93 ||   267
Dodge: Dodged            |    31 |    24 |    37 |    20 ||   112
Block: Kite shield       |    50 |    39 |   136 |    99 ||   324
